Map: Blackpink EC

Players

RainbowDash - Winner!

  • Race: Protoss Protoss
  • Spawn Location: 1:00

Thyrren

  • Race: Protoss Protoss
  • League: Diamond
  • Spawn Location: 7:00

VOD

Have the link to the VOD?

Description

Time

  • Played on: Dec. 16, 2017, 5:28 p.m.
  • Length: 5:02
Show
View Real Time Build Order
Export as new Build Order

RainbowDash Protoss - Winner!

Build Orders: Dark Templar Rush 

Get SALT Encoding   

  12  0:01  Probe  
  13  0:13  Probe  
  14  0:17  Pylon  
  14  0:25  Probe (Chrono Boost)  
  16  0:38  Gateway  
  16  0:40  Probe (Chrono Boost)  
  16  0:42  Probe  
  17  0:47  Assimilator  
  17  0:54  Probe  
  17  0:55  Assimilator  
  18  1:06  Probe  
  18  1:08  Gateway  
  19  1:18  Probe  
  19  1:25  Cybernetics Core  
  20  1:31  Probe (Chrono Boost)  
  22  1:40  Pylon  
  22  1:43  Probe (Chrono Boost)  
  22  1:45  Probe  
  23  1:58  Probe  
  24  2:02  Stalker  
  24  2:03  Stalker  
  24  2:07  Warp Gate  
  28  2:12  Probe  
  29  2:20  Twilight Council  
  29  2:43  Pylon  
  29  2:57  Nexus  
  29  3:01  Dark Shrine  
  29  3:03  Probe (Chrono Boost)  
  31  3:15  Probe (Chrono Boost)  
  31  3:18  Probe (Chrono Boost)  
  33  3:27  Probe (Chrono Boost)  
  33  3:28  Pylon  
  33  3:32  Probe  
  34  3:44  Probe  
  34  3:46  Pylon  
  35  3:53  Shield Battery  
  35  3:56  Probe  
  36  4:08  Probe (Chrono Boost)  
  37  4:14  Dark Templar  
  37  4:15  Dark Templar  
  43  4:20  Probe (Chrono Boost)  
  43  4:21  Probe (Chrono Boost)  
  43  4:22  Probe  
  44  4:25  Gateway  
  44  4:26  Probe  
  45  4:34  Probe  
  46  4:38  Probe  
  47  4:46  Probe  
Show
View Real Time Build Order
Export as new Build Order

Thyrren Protoss 

Build Orders: Double Forge 

Get SALT Encoding   

  12  0:01  Probe  
  13  0:13  Probe  
  14  0:18  Pylon  
  14  0:25  Probe (Chrono Boost)  
  15  0:37  Probe (Chrono Boost)  
  15  0:39  Gateway  
  17  0:45  Probe (Chrono Boost)  
  17  0:46  Assimilator  
  17  0:51  Probe (Chrono Boost)  
  18  1:04  Probe (Chrono Boost)  
  20  1:13  Probe (Chrono Boost)  
  20  1:15  Pylon  
  20  1:18  Probe  
  21  1:26  Cybernetics Core  
  21  1:30  Probe  
  22  1:42  Probe  
  22  1:44  Gateway  
  23  1:54  Probe  
  24  2:02  Warp Gate  
  24  2:03  Stalker (Chrono Boost)  
  26  2:19  Nexus  
  28  2:30  Probe  
  28  2:33  Stalker (Chrono Boost)  
  28  2:35  Stalker (Chrono Boost)  
  30  2:49  Pylon  
  30  3:07  Shield Battery  
  32  3:15  Probe  
  32  3:17  Stalker x2 (Chrono Boost)  
  32  3:18  Assimilator  
  35  3:26  Gateway  
  35  3:29  Gateway  
  36  3:35  Probe (Chrono Boost)  
  36  3:38  Probe (Chrono Boost)  
  37  3:48  Twilight Council  
  38  3:51  Probe (Chrono Boost)  
  38  3:55  Probe  
  39  3:56  Probe  
  40  4:07  Probe  
  40  4:08  Probe  
  40  4:09  Pylon  
  42  4:19  Probe (Chrono Boost)  
  44  4:27  Probe (Chrono Boost)  
  45  4:31  Probe (Chrono Boost)  
  45  4:33  Forge x2  
  45  4:37  Probe  
  46  4:40  Probe  
  46  4:44  Assimilator  
Tags
 
League
Diamond
Matchup
PvP
Spawn Locations
Cross Positions
Add a new tag
Caveats
  • Supply blocks, unpowered buildings, or Contaminate may cause inaccurate times.
  • Supply counts are checked every 10 seconds.